 Dungeon Crawl Stone Soup version 0.21-a0-538-gd16b88a (webtiles) character file.

144 tidbits the Insei (level 5, 0/40 HPs)
             Began as a Gnoll Transmuter on Dec 16, 2017.
             Succumbed to CasualChangeling's ghost's poison
             ... on level 3 of the Dungeon.
             The game lasted 00:03:45 (616 turns).

tidbits the Insei (Gnoll Transmuter)                 Turns: 616, Time: 00:03:46

Health: 0/40       AC:  2    Str: 13    XL:     5   Next: 27%
Magic:  10/12      EV: 15    Int: 16    God:
Gold:   83         SH:  0    Dex: 15    Spells: 8/14 levels left

rFire    + . .     SeeInvis .     - Unarmed
rCold    + . .     Gourm    .   (no shield)
rNeg     . . .     Faith    .   b - +0 robe
rPois    +         Spirit   .   (no helmet)
rElec    +         Reflect  .   (no cloak)
rCorr    +         Harm     .   (no gloves)
MR       .....                  (no boots)
Stlth    ++........             (no amulet)
HPRegen  0.13/turn              (no ring)
MPRegen  0.13/turn              (no ring)

@: lethally poisoned (0 -> -1), resistant, berserk cooldown, flying, slowed,
very slow
A: distributed training, fangs 1, strong nose
a: no special abilities


You were on level 3 of the Dungeon.
You were not hungry.

You visited 1 branch of the dungeon, and saw 5 of its levels.

You collected 83 gold pieces.

Inventory:

Hand Weapons
 q - a +0 quarterstaff
Missiles
 a - 8 arrows
 f - 69 stones (quivered)
 n - 7 javelins
Armour
 b - a +0 robe (worn)
 h - a +0 shield
 o - a cursed +0 ring mail
Wands
 r - a wand of paralysis (16)
Scrolls
 g - a scroll of remove curse {unknown}
 m - a scroll of identify {unknown}
Potions
 e - 2 potions of berserk rage
 k - a potion of magic {unknown}
 l - a potion of curing {unknown}
 p - a potion of haste {unknown}
Books
 c - a book of Changes

   Spells                             Type                      Level
   a - Beastly Appendage              Transmutation                1
   b - Sticks to Snakes               Transmutation                2
   c - Spider Form                    Transmutation/Poison         3
   d - Ice Form                       Ice/Transmutation            4
   e - Blade Hands                    Transmutation                5
Comestibles
 d - 2 bread rations


   Skills:
 + Level 2.9 Fighting
 + Level 1.4 Short Blades
 + Level 1.4 Long Blades
 + Level 1.4 Axes
 + Level 1.4 Maces & Flails
 + Level 1.4 Polearms
 + Level 1.4 Staves
 + Level 1.4 Slings
 + Level 1.4 Bows
 + Level 1.4 Crossbows
 + Level 1.4 Throwing
 + Level 1.4 Armour
 + Level 4.7 Dodging
 + Level 1.4 Stealth
 + Level 1.4 Shields
 + Level 6.6 Unarmed Combat
 + Level 5.1 Spellcasting
 + Level 1.1 Conjurations
 + Level 1.1 Hexes
 + Level 1.1 Charms
 + Level 1.1 Summonings
 + Level 1.1 Necromancy
 + Level 1.1 Translocations
 + Level 3.9 Transmutations
 + Level 1.1 Fire Magic
 + Level 1.1 Ice Magic
 + Level 1.1 Air Magic
 + Level 1.1 Earth Magic
 + Level 1.1 Poison Magic
 + Level 1.5 Invocations
 + Level 1.4 Evocations


You had 8 spell levels left.
You knew the following spells:

 Your Spells              Type           Power        Failure   Level  Hunger
e - Beastly Appendage     Tmut           ###...       3%          1    None
k - Sticks to Snakes      Tmut           ###.....     4%          2    #......
p - Spider Form           Tmut/Pois      ##........   16%         3    ###....


Dungeon Overview and Level Annotations

Branches:
Dungeon (5/15)
 Temple: D:4-7

Altars:

Annotations:
D:4 CasualChangeling's ghost, novice TeCK


Innate Abilities, Weirdness & Mutations

Your experience applies equally to all skills.
You have very sharp teeth.
Your uncanny sense of smell can sniff out nearby items.


Message History

Your Long Blades skill increases to level 1!
Your Axes skill increases to level 1!
Your Maces & Flails skill increases to level 1!
Your Polearms skill increases to level 1!
Your Staves skill increases to level 1!
Your Slings skill increases to level 1!
Your Bows skill increases to level 1!
Your Crossbows skill increases to level 1!
Your Throwing skill increases to level 1!
Your Armour skill increases to level 1!
Your Stealth skill increases to level 1!
Your Shields skill increases to level 1!
Your Evocations skill increases to level 1!
You have reached level 4!
You feel stronger.
You hit the kobold.
The kobold is moderately wounded.
The kobold misses you.
You hit the kobold.
You kill the kobold!
Autopickup is now off.
There is an open door, spattered with blood here.
Things that are here:
a club; a stone; a kobold corpse Your transformation has ended.
Your +0 robe unmelds from your body.
Found 22 stones.
There is an open door here.
You see here 22 stones.
f - 69 stones (gained 22)
There is an open door here.
There is an escape hatch in the floor here.
You slide downwards.
The hatch slams shut behind you.
Level annotation: CasualChangeling's ghost, novice TeCK CasualChangeling's ghost turns its malevolent gaze towards you.
You see here a wand of paralysis (16).
r - a wand of paralysis (16) CasualChangeling's ghost hits you.
You are poisoned.
Casting: Spider Form
Confirm with . or Enter, or press ? or * to list all spells.
You turn into a venomous arachnid creature.
Your +0 robe melds into your body.
You feel sick. The ogre misses you.
CasualChangeling's ghost closely misses you.
You feel sick.
You feel sick. The ogre completely misses you.
You feel sick.
You feel sick.
There is a stone staircase leading up here.
CasualChangeling's ghost misses you. The ogre completely misses you.
You climb upwards.
You feel sick.
There is a stone staircase leading down here.
You hit the ogre but do no damage.
The ogre is poisoned.
The ogre is heavily wounded.
You hit the ogre but do no damage.
The ogre looks as sick as possible!
The ogre is heavily wounded.
Your transformation is almost over.
The ogre misses you.
You feel sick.
You hit the ogre.
The ogre is heavily wounded.
The ogre hits you with a giant club!!
Ouch! That really hurt!
* * * LOW HITPOINT WARNING * * *
* * * LOW HITPOINT WARNING * * *
You feel sick.
It was a potion of berserk rage.
A red film seems to cover your vision as you go berserk!
You feel yourself moving faster!
You feel mighty!
You hit the ogre.
The ogre looks as sick as possible!
The ogre is almost dead.
You kill the ogre!
Your Conjurations skill increases to level 1!
Your Hexes skill increases to level 1!
Your Charms skill increases to level 1!
Your Summonings skill increases to level 1!
Your Necromancy skill increases to level 1!
Your Translocations skill increases to level 1!
Your Fire Magic skill increases to level 1!
Your Ice Magic skill increases to level 1!
Your Air Magic skill increases to level 1!
Your Earth Magic skill increases to level 1!
Your Poison Magic skill increases to level 1!
You have reached level 5!
You are too berserk!
Unknown command.
You are too berserk!
You feel a strong urge to attack something.
* * * LOW HITPOINT WARNING * * *
You feel sick.
You feel your anger nearly subside.
Your transformation has ended.
Your +0 robe unmelds from your body.
You are no longer berserk.
You are exhausted.
You feel yourself slow down.
It was a potion of flight.
You feel very buoyant.
You fly up into the air.
It was a potion of resistance.
You feel protected.
You die...

####### #...... #.#####
#.# ######## #.#
#......########.#
#......##.......#
#......##.#####.#
#...@..##.#.....#
#......##.#.###.#
#......##.#.# #.#
#...........# #.# ###
######.##.#####.# ...
####### #...)......#####
.......##..#............
...............>.....###
######.#.#..#..#รท####.#


There were no monsters in sight!

Vanquished Creatures
  An ogre (D:3)
  2 adders
  An adder skeleton (D:5)
  2 leopard geckos
  An orc (D:4)
  2 bats (D:3)
  2 giant cockroaches
  2 goblins (D:3)
  A hobgoblin (D:1)
  6 jackals (D:3)
  A kobold (D:3)
  A quokka (D:3)
  A ball python (D:3)
  5 rats (D:1)
28 creatures vanquished.

Vanquished Creatures (collateral kills)
  An adder (D:4)
1 creature vanquished.

Grand Total: 29 creatures vanquished

Notes
Turn   | Place    | Note
-------+----------+-------------------------------------------
     0 | D:1      | tidbits the Gnoll Transmuter began the quest for the Orb.
     0 | D:1      | Reached XP level 1. HP: 17/17 MP: 6/6
   132 | D:3      | Reached XP level 2. HP: 19/23 MP: 7/7
   136 | D:3      | Learned a level 2 spell: Sticks to Snakes
   153 | D:4      | Noticed an ogre
   354 | D:4      | Reached XP level 3. HP: 19/28 MP: 5/9
   368 | D:5      | Entered Level 5 of the Dungeon
   377 | D:5      | Reached skill level 5 in Spellcasting
   382 | D:5      | Learned a level 3 spell: Spider Form
   391 | D:4      | Reached skill level 1 in Invocations
   450 | D:4      | Noticed CasualChangeling's ghost (novice TeCK)
   563 | D:3      | Reached skill level 1 in Short Blades
   563 | D:3      | Reached skill level 1 in Long Blades
   563 | D:3      | Reached skill level 1 in Axes
   563 | D:3      | Reached skill level 1 in Maces & Flails
   563 | D:3      | Reached skill level 1 in Polearms
   563 | D:3      | Reached skill level 1 in Staves
   563 | D:3      | Reached skill level 1 in Slings
   563 | D:3      | Reached skill level 1 in Bows
   563 | D:3      | Reached skill level 1 in Crossbows
   563 | D:3      | Reached skill level 1 in Throwing
   563 | D:3      | Reached skill level 1 in Armour
   563 | D:3      | Reached skill level 1 in Stealth
   563 | D:3      | Reached skill level 1 in Shields
   563 | D:3      | Reached skill level 1 in Evocations
   563 | D:3      | Reached XP level 4. HP: 29/34 MP: 6/11
   606 | D:3      | HP: 2/34 [ogre/giant club (23)]
   609 | D:3      | Killed an ogre
   609 | D:3      | Reached skill level 1 in Conjurations
   609 | D:3      | Reached skill level 1 in Hexes
   609 | D:3      | Reached skill level 1 in Charms
   609 | D:3      | Reached skill level 1 in Summonings
   609 | D:3      | Reached skill level 1 in Necromancy
   609 | D:3      | Reached skill level 1 in Translocations
   609 | D:3      | Reached skill level 1 in Fire Magic
   609 | D:3      | Reached skill level 1 in Ice Magic
   609 | D:3      | Reached skill level 1 in Air Magic
   609 | D:3      | Reached skill level 1 in Earth Magic
   609 | D:3      | Reached skill level 1 in Poison Magic
   609 | D:3      | Reached XP level 5. HP: 1/40 MP: 9/12
   612 | D:3      | HP: 1/60 [poisoned by CasualChangeling's ghost]
   616 | D:3      | Succumbed to CasualChangeling's ghost's poison

Vault maps used:
D:1:      onia_arrival_larder, nicolae_ashenzari_panopticon
D:2:      minmay_tetromino_s4
D:4:      first_bread, uniq_menkaure, uniq_pikel, uniq_sigmund
D:5:      lemuel_ice_spiral_2, grunt_qazlal_sundering, minmay_temple_entry_hall

Skill      XL: |  1  2  3  4 |
---------------+-------------+-----
Spellcasting   | 5 |  5.1
Invocations    | 1 |  1.5
Short Blades   | 1 |  1.4
Long Blades    | 1 |  1.4
Axes           | 1 |  1.4
Maces & Flails | 1 |  1.4
Polearms       | 1 |  1.4
Staves         | 1 |  1.4
Slings         | 1 |  1.4
Bows           | 1 |  1.4
Crossbows      | 1 |  1.4
Throwing       | 1 |  1.4
Armour         | 1 |  1.4
Stealth        | 1 |  1.4
Shields        | 1 |  1.4
Evocations     | 1 |  1.4
Conjurations   | 1 |  1.1
Hexes          | 1 |  1.1
Charms         | 1 |  1.1
Summonings     | 1 |  1.1
Necromancy     | 1 |  1.1
Translocations | 1 |  1.1
Fire Magic     | 1 |  1.1
Ice Magic      | 1 |  1.1
Air Magic      | 1 |  1.1
Earth Magic    | 1 |  1.1
Poison Magic   | 1 |  1.1
Fighting       | |  2.9
Dodging        | |  4.7
Unarmed Combat | |  6.6
Transmutations | |  3.9

Action                   |  1- 3 |  4- 6 || total
-------------------------+-------+-------++-------
Melee: Unarmed           |    55 |     6 ||    61
       Bite              |     3 |       ||     3
       Kick              |     2 |       ||     2
 Cast: Beastly Appendage |     9 |       ||     9
       Sticks to Snakes  |     4 |       ||     4
       Spider Form       |     5 |     1 ||     6
  Use: Potion            |       |     3 ||     3
 Stab: Sleeping          |     4 |       ||     4
Armor: Robe              |     5 |       ||     5
       Skin              |     2 |       ||     2
Dodge: Dodged            |    42 |     7 ||    49

Table legend:
 A = Spawn XP
 B = Non-spawn XP
 C = Spawn XP percentage of total XP
 D = Spawn monster count
 E = Non-spawn monster count
 F = Spawn count percentage of total count
 G = Total turns spent on level
                    A         B        C        D         E        F      G
               +---------+---------+-------+---------+---------+-------+---------
         Total |       0 |     207 |   0.0 |       0 |      29 |   0.0 |   616
               +---------+---------+-------+---------+---------+-------+---------
           D:1 |       0 |       7 |   0.0 |       0 |       6 |   0.0 |    78
           D:3 |       0 |     160 |   0.0 |       0 |      17 |   0.0 |   367
           D:4 |       0 |      35 |   0.0 |       0 |       5 |   0.0 |   114
           D:5 |       0 |       5 |   0.0 |       0 |       1 |   0.0 |    16
               +---------+---------+-------+---------+---------+-------+---------

Table legend:
 A = Turns spent in this place as a percentage of turns spent in the entire game.
 B = Non-inter-level travel turns spent in this place as a percentage of non-inter-level travel turns spent in the entire game.
 C = Inter-level travel turns spent in this place as a percentage of turns spent in this place.
 D = Turns resting spent in this place as a percentage of non-inter-level travel turns spent in this place.
 E = Turns spent auto-exploring this place as a percentage of non-inter-level travel turns spent in this place.
 F = Non-inter-level travel turns spent in this place divided by the number of levels of this place that you've seen.
                   A       B       C       D       E      F
               +-------+-------+-------+-------+-------+----------------------
         Total | 100.0 | 100.0 |   0.0 |   0.0 |   0.0 | 123.2
       Dungeon | 100.0 | 100.0 |   0.0 |   0.0 |   0.0 | 123.2
               +-------+-------+-------+-------+-------+----------------------

Table legend:
 A = Kills in this place as a percentage of kills in entire the game.
 B = Kills by you in this place as a percentage of kills by you in the entire game.
 C = Kills by friends in this place as a percentage of kills by friends in the entire game.
 D = Other kills in this place as a percentage of other kills in the entire game.
 E = Experience gained in this place as a percentage of experience gained in the entire game.
 F = Experience gained in this place divided by the number of levels of this place that you have seen.
                   A       B       C       D       E      F
               +-------+-------+-------+-------+-------+----------------------
         Total | 100.0 | 100.0 | 100.0 |   N/A | 100.0 |  41.4
       Dungeon | 100.0 | 100.0 | 100.0 |   N/A | 100.0 |  41.4
               +-------+-------+-------+-------+-------+----------------------

Vault maps used:
D:1:      onia_arrival_larder, nicolae_ashenzari_panopticon
D:2:      minmay_tetromino_s4
D:4:      first_bread, uniq_menkaure, uniq_pikel, uniq_sigmund
D:5:      lemuel_ice_spiral_2, grunt_qazlal_sundering, minmay_temple_entry_hall
